 Zot Defence DCSS version 0.15-b1-128-gb969795 (webtiles) character file.

1505 staplegun the Skirmisher (level 8, 51/52 HPs)
             Began as a Gargoyle Fighter on Aug 26, 2014.
             Was an Initiate of Okawaru (penitent).
             Quit the game in the Realm of Zot (Scenario IV: Columnade).
             The game lasted 00:10:40 (1187 turns).

staplegun the Skirmisher (Gargoyle Fighter)         Turns: 1187, Time: 00:10:40

HP  51/52        AC 12     Str 23      XL: 8   Next: 82%
MP   8/8         EV  7     Int  8      God: *Okawaru
Gold 0           SH 10     Dex  9      Spells:  0 memorised,  7 levels left

rFire  . . .     SeeInvis .     a - +0 flail
rCold  . . .     Clarity  .     b - +0 scale mail
rNeg   + . .     rCorr    .     c - +0 shield
rPois  +         rRot     +     (no helmet)
rElec  +         Spirit   .     (no cloak)
SustAb .         Warding  .     (no gloves)
rMut   .         Stasis   .     (no boots)
Gourm  .                        (no amulet)
MR     .....                    (no ring)
                                (no ring)

@: not resistant to hostile enchantments, extremely unstealthy
A: negative energy resistance 1, electricity resistance, unbreathing,
petrification resistance, rot immunity, AC +5
a: Make oklob sapling, Make arrow trap, Make plant, Remove Curse, Make burning
bush, Make altar, Make grenades, Make oklob plant, Make net trap, Renounce
Religion


You were in the Realm of Zot.
You worshipped Okawaru.
Okawaru was demanding penance.
You were not hungry.

You visited 1 branch

Inventory:

Hand weapons
 a - a +0 flail (weapon)
Armour
 b - a +0 scale mail (worn)
 c - a +0 shield (worn)
Comestibles
 f - a bread ration
Scrolls
 k - a scroll of blinking
Potions
 d - 3 potions of curing
 e - a potion of might
 g - a potion of heal wounds
 h - a potion of haste
 i - 2 potions of magic
 j - a potion of berserk rage


   Skills:
 + Level 6.8 Fighting
 + Level 6.2 Maces & Flails
 + Level 6.0 Armour
 + Level 1.2 Dodging
 + Level 6.3 Shields


You had 7 spell levels left.
You didn't know any spells.

Dungeon Overview and Level Annotations

Branches:
    Zot (1/1)

Altars:
Okawaru


Innate Abilities, Weirdness & Mutations

You are resistant to torment.
You are immune to poison.
Your stone body is very resilient (AC +5).
You resist negative energy.
You are resistant to electric shocks.
You can survive without breathing.
You are immune to petrification.
You are immune to rotting.


Message History

Your Dodging skill increases to level 1!
Your burning bush throws fire at the phantom.
The puff of flame hits the phantom.
The phantom hits your burning bush.
Your burning bush throws fire at the phantom.
The puff of flame hits the phantom.
The phantom is destroyed!
Your Armour skill increases to level 6!
You step safely past the trap.
There is an arrow trap here.
Really attack your ally the plant?
This attack would place you under penance!
You hit your plant.
The plant is lightly damaged.
You feel very guilty.
You can no longer gain great but temporary skills. "You will pay for your transgression, mortal!"
You hit the plant.
The plant is lightly damaged.
Quiver which item? (- for none, * to show all) (? for menu, Esc to quit)
Okay, then.
Are you sure you want to abandon this character and quit the game? (Confirm with "yes".)

▓...▓▓▓▓
▓....)....))▓
▓▓▓▓ ▓ ▓...▓
▓...▓...▓).%▓
▓ ▓ ▓...▓
▓.......)...▓
▓ ▓ ▓...▓
▓..)▓)P.▓...▓
▓ ▓ ▓...▓
▓...)())..%.▓
▓ ▓ ▓...▓
▓...▓.))▓...▓
▓ ▓ ▓...▓
▓...P..%.)..▓
▓ ▓ ▓...▓
▓PP.▓...▓...▓
▓ ▓ ▓...▓
▓PP@..(...._▓
▓ ▓ ▓...▓
▓▓▓▓▓^)^▓▓▓▓▓
▓ ▓ ▓...▓


▓PPPPP▓ ▓ ▓ ▓...▓ ▓.P▓..▓ ▓ ▓...▓ ▓..▓..▓ ▓ ▓...▓ ▓..▓..▓ ▓ ▓...▓ ▓..▓..▓ ▓
▓▓▓...▓ ▓..▓..▓ ▓ ......▓▓ ▓..▓..▓ ▓▓ You could see a friendly oklob plant, a
friendly burning bush and a friendly oklob sapling.

Vanquished Creatures
  2 ogres (Zot)
  3 big kobolds (Zot)
  Sigmund (Zot)
  A scorpion (Zot)
  2 gnoll shamans (Zot)
  An adder (Zot)
  A shadow imp (Zot)
  An adder zombie (Zot)
  7 oozes (Zot)
  An orc (Zot)
  3 giant cockroaches (Zot)
  2 hobgoblins (Zot)
  2 jackals (Zot)
  3 kobolds (Zot)
  A ball python (Zot)
  A bat (Zot)
  A giant newt (Zot)
  A giant newt zombie (Zot)
  7 goblins (Zot)
  2 goblin zombies (Zot)
  A jackal zombie (Zot)
  4 rats (Zot)
  A rat zombie (Zot)
49 creatures vanquished.

Vanquished Creatures (collateral kills)
  An ogre (Zot)
  A phantom (Zot)
  5 adders (Zot)
  2 gnolls (Zot)
  2 giant mites (Zot)
  A giant gecko (Zot)
  3 orcs (Zot)
  A giant cockroach (Zot)
  A gnoll zombie (Zot)
  8 hobgoblins (Zot)
  2 jackals (Zot)
  10 kobolds (Zot)
  4 ball pythons (Zot)
  5 bats (Zot)
  5 giant newts (Zot)
  5 goblins (Zot)
  A jackal zombie (Zot)
  An orc skeleton (Zot)
  9 rats (Zot)
  A rat zombie (Zot)
68 creatures vanquished.

Vanquished Creatures (others)
  An oklob sapling (Zot)
  A kobold (Zot)
  2 plants (Zot)
4 creatures vanquished.

Grand Total: 121 creatures vanquished

Notes
Turn   | Place    | Note
--------------------------------------------------------------
     0 | Zot      | staplegun, the Gargoyle Fighter, began the quest for the Orb.
     0 | Zot      | Reached XP level 1. HP: 14/14 MP: 1/1
   248 | Zot      | Reached XP level 2. HP: 19/19 MP: 2/2
   310 | Zot      | Noticed Kotuilur
   343 | Zot      | Reached XP level 3. HP: 22/24 MP: 3/3
   354 | Zot      | Killed Kotuilur the big kobold
   354 | Zot      | Reached skill level 4 in Fighting
   354 | Zot      | Reached XP level 4. HP: 28/30 MP: 4/4
   354 | Zot      | Reached XP level 5. HP: 31/34 MP: 5/5
   428 | Zot      | Reached XP level 6. HP: 39/39 MP: 6/6
   495 | Zot      | Became a worshipper of Warmaster Okawaru
   730 | Zot      | Reached skill level 5 in Armour
   767 | Zot      | Reached skill level 5 in Fighting
   767 | Zot      | Reached skill level 5 in Shields
   767 | Zot      | Reached XP level 7. HP: 38/44 MP: 7/7
  1055 | Zot      | Noticed Sigmund
  1083 | Zot      | Killed Sigmund
  1083 | Zot      | Reached XP level 8. HP: 48/51 MP: 8/8
  1124 | Zot      | Reached skill level 6 in Fighting
  1126 | Zot      | Reached skill level 5 in Maces & Flails
  1177 | Zot      | Acquired Okawaru's first power
  1177 | Zot      | Reached skill level 1 in Dodging
  1185 | Zot      | Was placed under penance by Okawaru
  1187 | Zot      | Quit the game

Action                   |  1- 3 |  4- 6 |  7- 9 || total
-------------------------+-------+-------+-------++-------
Melee: Flail             |    41 |    73 |    96 ||   210
 Abil: Make oklob saplin |     1 |     1 |     1 ||     3
       Make plant        |       |     5 |     5 ||    10
       Make altar        |       |     1 |       ||     1
       Make arrow trap   |       |       |     2 ||     2
       Make oklob plant  |       |       |     1 ||     1
       Make burning bush |       |       |     1 ||     1
